 Dungeon Crawl Stone Soup version 0.23-a0-143-g1adec7b (webtiles) character file.

122 Amnesiac the Bolt Thrower (level 4, -1/34 HPs)
             Began as a Mummy Arcane Marksman on Sept 2, 2018.
             Killed by divine providence
             ... invoked by an orc priest
              (13 damage)
             ... on level 5 of the Dungeon.
             The game lasted 00:07:36 (3369 turns).

Amnesiac the Bolt Thrower (Mummy Arcane Marksman)   Turns: 3369, Time: 00:07:36

Health: -1/34      AC:  2    Str: 13    XL:     4   Next: 78%
Magic:  5/7        EV: 12    Int: 13    God:
Gold:   151        SH:  0    Dex: 12    Spells: 0/7 levels left

rFire    x . .     SeeInvis +   a - +0 hand crossbow
rCold    + . .     Gourm    .   (no shield)
rNeg     + + +     Faith    .   e - +0 robe
rPois    ∞         Spirit   .   (no helmet)
rElec    .         Reflect  .   (no cloak)
rCorr    .         Harm     .   (no gloves)
MR       .....                  (no boots)
Stlth    +.........             (no amulet)
HPRegen  0.11/turn              j - ring of see invisible
MPRegen  0.10/turn              (no ring)

@: no status effects
A: no food or potions, fire vulnerability, cold resistance 1, negative energy
resistance 3, torment resistance, unbreathing
a: no special abilities


You were on level 5 of the Dungeon.
You were not hungry.

You visited 1 branch of the dungeon, and saw 5 of its levels.

You collected 151 gold pieces.

Inventory:

Hand Weapons
 a - a +0 hand crossbow (weapon)
 b - a +0 short sword
Armour
 e - a +0 robe (worn)
Jewellery
 f - an uncursed ring of teleportation
 j - a ring of see invisible (left hand)
Scrolls
 c - a scroll of amnesia {!r}
 h - a scroll of remove curse {!r}


   Skills:
 + Level 2.4 Fighting
 * Level 3.2 Crossbows
 - Level 1.5 Dodging
 - Level 2.0 Spellcasting
 + Level 3.0 Hexes


You couldn't memorise any spells.
You knew the following spells:

 Your Spells              Type           Power        Failure   Level  Hunger
a - Corona                Hex            #......      7%          1    N/A
b - Cause Fear            Hex            #.........   56%         4    N/A
e - Slow                  Hex            #.......     11%         2    N/A

Your spell library contained the following spells:

 Spells                   Type           Power        Failure   Level  Hunger
 Inner Flame              Hex/Fire       #.......     38%         3    N/A
 Portal Projectile        Hex/Tloc       #.....       38%         3    N/A
 Leda's Liquefaction      Hex/Erth       #.........   80%         4    N/A

Dungeon Overview and Level Annotations

Branches:
Dungeon (5/15)
 Temple: D:4-7

Altars:
Nemelex Xobeh

Annotations:
D:2 Sigmund
D:4 Eustachio
D:5 Dowan, Duvessa


Innate Abilities, Weirdness & Mutations

You do not eat or drink.
Your flesh is vulnerable to fire.
You are immune to poison.
Your flesh is cold resistant. (rC+)
You are immune to negative energy. (rN+++)
You are immune to unholy pain and torment.
You can survive without breathing.


Message History

The centaur hits you.
* * * LOW HITPOINT WARNING * * *
Dowan closely misses you. Dowan closely misses you.
The worker ant zombie bites you.
* * * LOW HITPOINT WARNING * * *
An orc comes into view. It is wielding a whip.
Your surroundings suddenly seem different.
An orc priest comes into view. It is wielding a dagger.
The orc priest shouts!
You hear a shout!
An orc comes into view.
The orc moves out of view.
You hear a shout!
Really read
i - a scroll labeled FIVVO LUIR {!r}?
As you read the scroll labeled FIVVO LUIR {!r}, it crumbles to dust.
It is a scroll of identify.
You don't have any unidentified items.
The orc shouts!
Wield which item (- for none, * to show all)? (? for menu, Esc to quit)
a - a +0 hand crossbow (weapon)
An orc wizard comes into view. It is wielding a dagger.
Casting: Slow (safe; 11% risk of failure)
Confirm with . or Enter, or press ? or * to list all spells.
Aiming: Slow (safe; 11% risk of failure)
Press: ? - help, Shift-Dir - straight line, f - orc priest
Aim: an orc priest, wielding a dagger and wearing a chain mail (chance to The orc priest seems to slow down.
Unknown command.
The orc wizard gestures wildly while chanting.
The orc wizard blinks!
Firing (i - inventory)
d - 5 bolts (quivered)
Press: ? - help, Shift-Dir - straight line, f/p - orc priest
Aim: an orc priest, wielding a dagger and wearing a chain mail (slow)
You shoot a bolt.
The bolt hits the orc priest but does no damage.
The orc wizard gestures wildly while chanting.
The orc wizard blinks!
Firing (i - inventory)
d - 4 bolts (quivered)
Press: ? - help, Shift-Dir - straight line, f/p - orc priest
Aim: an orc priest, wielding a dagger and wearing a chain mail (translocational You shoot a bolt.
The bolt barely misses the orc priest.
The bolt hits the orc but does no damage.
Firing (i - inventory)
d - 3 bolts (quivered)
Press: ? - help, Shift-Dir - straight line, f/p - orc priest
Aim: an orc priest, wielding a dagger and wearing a chain mail (slow)
You shoot a bolt. The bolt hits the orc priest!
The orc priest is heavily wounded.
The orc wizard barely misses you.
Firing (i - inventory)
d - 2 bolts (quivered)
Press: ? - help, Shift-Dir - straight line, f/p - orc priest
Aim: an orc priest, wielding a dagger and wearing a chain mail (heavily You shoot a bolt.
The bolt hits the orc priest.
The orc priest is severely wounded.
The orc wizard hits you but does no damage.
The orc wizard barely misses you.
Firing (i - inventory)
d - a bolt (quivered)
Press: ? - help, Shift-Dir - straight line, f/p - orc priest
Aim: an orc priest, wielding a dagger and wearing a chain mail (severely You shoot a bolt.
The bolt hits the orc priest but does no damage.
The orc priest is severely wounded.
The orc priest is no longer moving slowly.
The orc priest mumbles some strange prayers to Beogh against you.
Beogh smites you!
You die... # ####.#########.##.## ......((.(oo@o.....+ ..#.##########.###.# #

You could see an orc priest, an orc wizard and an orc.

Vanquished Creatures
  5 adders
  2 worms (D:2)
  2 dart slugs (D:1)
  A leopard gecko (D:2)
  3 giant cockroaches
  9 goblins
  4 hobgoblins
  8 jackals
  2 quokkas (D:2)
  A ball python (D:3)
  8 bats
  5 frilled lizards
  5 kobolds
  11 rats
66 creatures vanquished.

Vanquished Creatures (others)
  3 plants (D:3)
3 creatures vanquished.

Grand Total: 69 creatures vanquished

Notes
Turn   | Place    | Note
-------+----------+-------------------------------------------
     0 | D:1      | Amnesiac the Mummy Arcane Marksman began the quest for the
                  | Orb.
     0 | D:1      | Reached XP level 1. HP: 15/15 MP: 2/2
   112 | D:1      | Reached XP level 2. HP: 10/21 MP: 1/4
   590 | D:1      | Reached XP level 3. HP: 26/26 MP: 5/5
   594 | D:1      | Learned a level 2 spell: Slow
  1403 | D:2      | Noticed Sigmund
  1784 | D:2      | Reached XP level 4. HP: 32/33 MP: 1/6
  2296 | D:3      | Found a sparkling altar of Nemelex Xobeh.
  2568 | D:3      | Learned a level 4 spell: Cause Fear
  3100 | D:3      | Noticed an ogre
  3283 | D:4      | Noticed Eustachio
  3351 | D:5      | Entered Level 5 of the Dungeon
  3351 | D:5      | Noticed Duvessa
  3351 | D:5      | Noticed Dowan
  3351 | D:5      | Noticed a centaur
  3369 | D:5      | Killed from afar by an orc priest

Vault maps used:
D:1:      evilmike_arrival_run_for_it, minivault_5
D:2:      uniq_sigmund
D:3:      nemelex_xobeh_ov_fountains_minmay, chequers_ecumenical_altar_lobes,
          first_ration, grunt_ministairs_1, minmay_shallow_snake_nest
D:4:      portal_sewer_entry_a, uniq_eustachio, uniq_natasha
D:5:      gammafunk_wand_slinger, elyvilon_altar_1, uniq_duvessa, uniq_menkaure,
          uniq_crazy_yiuf_cottage

Skill      XL: |  1  2  3  4 |
---------------+-------------+-----
Crossbows      | 2 3 |  3.2
Hexes          | 3 |  3.0
Fighting       | 2 |  2.4
Spellcasting   | 2 |  2.0
Dodging        | |  1.5

Action                   |  1- 3 |  4- 6 || total
-------------------------+-------+-------++-------
Melee: Short sword       |    18 |    64 ||    82
 Fire: Hand crossbow     |    89 |    26 ||   115
 Cast: Corona            |     9 |    24 ||    33
       Slow              |     2 |     9 ||    11
  Use: Scroll            |     4 |     2 ||     6
Armor: Robe              |    11 |    21 ||    32
Dodge: Dodged            |    30 |    59 ||    89

Table legend:
 A = Non-vault XP
 B = Vault XP
 C = Vault XP percentage of total XP
 D = Non-vault monster count
 E = Vault monster count
 F = Vault count percentage of total count
                 A         B        C        D         E       F
            +---------+---------+-------+---------+---------+-------
      Total |     168 |       7 |   4.0 |      62 |       4 |   6.1
            +---------+---------+-------+---------+---------+-------
        D:1 |      45 |       0 |   0.0 |      27 |       0 |   0.0
        D:2 |      65 |       0 |   0.0 |      21 |       0 |   0.0
        D:3 |      42 |       7 |  14.3 |      12 |       4 |  25.0
        D:4 |      16 |       0 |   0.0 |       2 |       0 |   0.0
            +---------+---------+-------+---------+---------+-------
